 Dungeon Crawl Stone Soup version 0.32-a0-361-g289a535e89 (webtiles) character file.

Game seed: 2910537976476147025

256 anacleto the Caller (level 5, -3/28 HPs)
             Began as a Deep Elf Summoner on Feb 19, 2024.
             Slain by Ijyb
             ... wielding a +0 club
              (5 damage)
             ... on level 5 of the Dungeon.
             The game lasted 00:10:37 (4075 turns).

anacleto the Caller (Deep Elf Summoner)             Turns: 4075, Time: 00:10:38

Health: -3/28      AC:  3    Str:  5    XL:     5   Next: 92%
Magic:  12/14      EV: 13    Int: 25    God:
Gold:   93         SH:  0    Dex: 15    Spells: 3/13 levels left

rFire   . . .        v - +4 flail "Divyjy" {venom, rElec rC- Int+3}
rCold   x . .        (no shield)
rNeg    . . .        a - +0 robe
rPois   .            (no helmet)
rElec   +            c - +0 cloak
rCorr   .            (no gloves)
SInv    .            (no boots)
Will    .....        (no amulet)
Stlth   ++           (no ring)
HPRegen 0.24/turn    (no ring)
MPRegen 0.14/turn

%: no passive effects
@: inugami summoned
A: no striking features
a: no special abilities


You were on level 5 of the Dungeon.
You visited 1 branch of the dungeon, and saw 5 of its levels.

You collected 280 gold pieces.
You spent 187 gold pieces at shops.

Inventory:

Hand Weapons
 v - the +4 flail "Divyjy" (weapon) {venom, rElec rC- Int+3}
   (You bought it in a shop on level 4 of the Dungeon)

   Int+3:     It affects your intelligence (+3).
   rC-:       It makes you vulnerable to cold.
   rElec:     It insulates you from electricity.
Missiles
 d - 51 stones
Armour
 a - a +0 robe (worn)
 c - a +0 cloak (worn)
Jewellery
 k - a +6 ring of strength
Wands
 i - a wand of mindburst (22)
 s - a wand of charming (5)
Scrolls
 e - 3 scrolls of identify {unknown}
 l - a scroll of fear {unknown}
 n - a scroll of poison {unknown}
 o - 3 scrolls of revelation {unknown}
 q - a scroll of enchant weapon {unknown}
 t - 5 scrolls of teleportation {unknown}
 u - a scroll of blinking {unknown}
 w - a scroll of vulnerability {unknown}
Potions
 b - 2 potions of magic
 f - a potion of berserk rage {unknown}
 g - a potion of invisibility {unknown}
 h - a potion of enlightenment {unknown}
 j - 2 potions of heal wounds {unknown}
 m - 2 potions of cancellation {unknown}
 p - a potion of brilliance {unknown}
 r - a potion of mutation {unknown}
 x - a potion of curing {unknown}


   Skills:
 - Level 3.3 Dodging
 - Level 3.4 Stealth
 + Level 4.6 Spellcasting
 * Level 6.1 Summonings
 + Level 1.8 Fire Magic
 - Level 1.1 Evocations


You had 3 spell levels left.
You knew the following spells:

 Your Spells              Type           Power      Damage    Failure   Level
a - Summon Small Mammal   Summ           100%       N/A       1%          1
b - Call Imp              Summ           72%        N/A       1%          2
c - Call Canine Familiar  Summ           36%        N/A       1%          3
d - Summon Blazeheart Go  Fire/Summ      25%        N/A       17%         4

Your spell library contained the following spells:

 Spells                   Type           Power      Damage    Failure   Level
 Summon Lightning Spire   Summ/Air       21%        N/A       24%         4
 Vhi's Electric Charge    Tloc/Air       10%        N/A       63%         4
 Arcjolt                  Conj/Air       2%         1d12      93%         5
 Plasma Beam              Fire/Air       5%         2x1d15    100%        6


Dungeon Overview and Level Annotations

Branches:
Dungeon (5/15)
 Temple: D:4-7

Altars:
Qazlal
Zin

Shops:
D:3 [   D:4 (

Annotations:
D:5 Ijyb


Message History

You hit Ijyb but do no damage.
Ijyb is moderately wounded.
Your cerulean imp barely misses Ijyb.
Your inugami closely misses Ijyb.
Ijyb closely misses you.
You hit Ijyb but do no damage.
Ijyb is moderately wounded.
Your cerulean imp barely misses Ijyb.
Your inugami hits Ijyb. You barely miss Ijyb.
Ijyb is heavily wounded.
Ijyb hits you with a +0 club.
Your cerulean imp misses Ijyb.
Your inugami hits Ijyb. You hit Ijyb but do no damage.
Ijyb is severely wounded.
Your cerulean imp disappears in a puff of smoke!
Ijyb screams, "Me yet to meet anyone who can outsmart wand!"
Ijyb hits you with a +0 club!
* * * LOW HITPOINT WARNING * * *
You hit Ijyb but do no damage.
Ijyb is severely wounded.
Your inugami hits Ijyb but does no damage.
Ijyb hits your inugami with a +0 club.
You hit Ijyb but do no damage.
Ijyb is severely wounded.
Your inugami hits Ijyb but does no damage.
Ijyb screams, "They call me mad!"
Ijyb hits you with a +0 club.
* * * LOW HITPOINT WARNING * * *
You hit Ijyb but do no damage.
Ijyb is severely wounded.
You feel less porcine.
The +4 flail "Divyjy" {venom, rElec rC- Int+3} unmelds from your body.
Your +0 cloak unmelds from your body.
Your +0 robe unmelds from your body.
The +4 flail "Divyjy" {venom, rElec rC- Int+3} begins to drip with poison!
Your inugami hits Ijyb. Ijyb closely misses you.
Okay, then.
You barely miss Ijyb.
Ijyb is almost dead.
Your inugami misses Ijyb. Ijyb hits you with a +0 club.
You die...
Ijyb moans, "Good help so hard to find!"

....####.......
..............
............. . .#.
.............##... ...#
#................. ....
.......##.!.## . ....
.##........h.###...
....#.#.........g.......
....#....##...@.......
##.##...........#.....
#.<.............##....
#.........##.........#
##.................###
#.#......##........#
#####....#....#...##
#....>...#######
##.....###


You could see Ijyb (ally target) and a friendly inugami (summoned).

Vanquished Creatures
  A rat (D:3)
1 creature vanquished.

Vanquished Creatures (collateral kills)
  A phantom (D:3)
  An orc priest (D:3)
  4 adders
  A ribbon worm (D:2)
  A dart slug (D:1)
  5 orcs
  6 endoplasms
  A giant cockroach (D:1)
  5 goblins
  4 hobgoblins
  4 jackals (D:4)
  7 kobolds
  4 ball pythons
  7 bats
  5 frilled lizards
  6 rats
62 creatures vanquished.

Grand Total: 63 creatures vanquished

Notes
Turn   | Place    | Note
-------+----------+-------------------------------------------
     0 | D:1      | anacleto the Deep Elf Summoner began the quest for the Orb.
     0 | D:1      | Reached XP level 1. HP: 10/10 MP: 6/6
   291 | D:1      | Reached XP level 2. HP: 15/15 MP: 5/8
   299 | D:1      | Learned a level 2 spell: Call Imp
  1044 | D:2      | Reached XP level 3. HP: 19/19 MP: 2/10
  1048 | D:2      | Learned a level 3 spell: Call Canine Familiar
  1320 | D:2      | Reached skill level 5 in Summonings
  1649 | D:2      | Reached XP level 4. HP: 24/24 MP: 11/11
  2436 | D:3      | Found Fehudedgh's Armour Shoppe.
  2492 | D:3      | Learned a level 4 spell: Summon Blazeheart Golem
  2632 | D:3      | Noticed a phantom
  2654 | D:3      | Killed a phantom
  2655 | D:3      | Reached skill level 1 in Fire Magic
  2655 | D:3      | Reached skill level 1 in Evocations
  2655 | D:3      | Reached XP level 5. HP: 22/28 MP: 8/13
  3170 | D:3      | Found a faded altar of an unknown god.
  3520 | D:4      | Reached skill level 6 in Summonings
  3596 | D:4      | Found a stormy altar of Qazlal.
  3596 | D:4      | Found a glowing silver altar of Zin.
  3771 | D:4      | Found Ufuyry's Antique Weapon Emporium.
  3774 | D:4      | Bought a scorched flail for 187 gold pieces
  3774 | D:4      | Identified the +4 flail "Divyjy" {venom, rElec rC- Int+3}
                  | (You bought it in a shop on level 4 of the Dungeon)
  3981 | D:5      | Entered Level 5 of the Dungeon
  4043 | D:5      | Noticed Ijyb
  4075 | D:5      | Slain by Ijyb

Illustrated notes

Levels and vault maps discovered:
D:1:      onia_arrival_mini_spirals, layout_basic, skrybe_limestone_x
D:2:      layout_basic, roderic_lattice_a, serial_bayou_pond_b
D:3:      layout_loops_ring, hellmonk_ecumenical_altar_leap_of_faith,
          serial_shops, shop_statue
D:4:      layout_gridville, nicolae_overflow_two_pavilions, serial_shops,
          nicolae_shop_real_fake_doors
D:5:      layout_cave_pools, nicolae_sif_muna_condensation, temple_pool_b,
          uniq_eustachio, uniq_ijyb, uniq_duvessa

Skill      XL: |  1  2  3  4  5 |
---------------+----------------+-----
Stealth        | 3 |  3.4
Dodging        | 3 |  3.3
Summonings     | 5 6 |  6.1
Spellcasting   | 4 |  4.6
Fire Magic     | 1 |  1.8
Evocations     | 1 |  1.1

Action                     |  1- 3 |  4- 6 || total
---------------------------+-------+-------++-------
  Melee: Unarmed           |       |    25 ||    25
         Flail             |       |     3 ||     3
         Punch             |       |     1 ||     1
   Cast: Summon Small Mamm |    28 |    24 ||    52
         Call Imp          |     6 |    10 ||    16
         Call Canine Famil |     4 |    10 ||    14
         Summon Blazeheart |       |     1 ||     1
 Armour: Robe              |     6 |    31 ||    37
         Skin              |       |     6 ||     6
  Dodge: Dodged            |     7 |    47 ||    54

Table legend: (Time is in decaauts)
 A = Elapsed time spent in this place.
 B = Non-inter-level travel time spent in this place.
 C = Inter-level travel time spent in this place.
 D = Time resting spent in this place.
 E = Time spent auto-exploring this place.
 F = Levels seen in this place.
 G = Mean time per level.
                   A        B        C        D        E       F      G
               +--------+--------+--------+--------+--------+-----+--------+
         Total |   4078 |   3965 |    113 |     44 |   3166 |   5 |  815.6 |
       Dungeon |   4078 |   3965 |    113 |     44 |   3166 |   5 |  815.6 |
               +--------+--------+--------+--------+--------+-----+--------+

Top non-repeatable levels by time:
     D:2: 1410 daAuts
     D:1: 1016 daAuts
     D:3: 827 daAuts
     D:4: 732 daAuts
     D:5: 92 daAuts
